[Event "Rated Blitz tournament oEXymWHb"]
[Site "?"]
[Date "2021.05.02"]
[Round "?"]
[White "Salvaged_Dirt"]
[Black "Rambi73"]
[Result "0-1"]
[ECO "C42"]
[WhiteElo "2493"]
[BlackElo "2485"]
[PlyCount "50"]
[EventDate "2021.??.??"]
[EventType "blitz"]
[TimeControl "180+2"]

1. e4 e5 2. Nf3 Nf6 3. Nxe5 d6 4. Nxf7 Kxf7 5. d4 c5 6. Nc3 Nc6 7. Bc4+ d5 8.
Nxd5 Be6 9. Bg5 cxd4 10. O-O Ne5 11. Bb3 Bc5 12. f4 Neg4 13. f5 Bxd5 14. Bxd5+
Kf8 15. b4 Bb6 16. h3 Ne3 17. Qf3 Nexd5 18. exd5 Qxd5 19. Bxf6 Qxf3 20. Bxg7+
Kxg7 21. Rxf3 Kf6 22. a4 d3+ 23. Kh1 dxc2 24. Rc1 Rac8 25. a5 Bd4 {Normal} 0-1

[Event "Rated Blitz game"]
[Site "?"]
[Date "2021.05.02"]
[Round "?"]
[White "xadrezsoccer21"]
[Black "aeminovsensey1"]
[Result "0-1"]
[ECO "C42"]
[WhiteElo "2418"]
[BlackElo "2373"]
[PlyCount "102"]
[EventDate "2021.??.??"]
[EventType "blitz"]
[TimeControl "180"]

1. e4 e5 2. Nf3 Nf6 3. Nxe5 d6 4. Nxf7 Kxf7 5. d4 Qe8 6. Bd3 Nc6 7. c3 d5 8. e5
Nxe5 9. dxe5 Qxe5+ 10. Qe2 Bd6 11. Qxe5 Bxe5 12. O-O Re8 13. Nd2 Bd7 14. Nf3
Bd6 15. Bg5 c6 16. Rae1 h6 17. Bh4 g5 18. Bg3 Bxg3 19. fxg3 Rxe1 20. Rxe1 Re8
21. Rxe8 Bxe8 22. Kf2 c5 23. h4 g4 24. Nd2 Ke6 25. Ke3 Ke5 26. Be2 b5 27. Nb3
Kd6 28. Kf4 Bd7 29. Ke3 a6 30. Nd2 Ke5 31. Nb3 Ne4 32. Bd1 c4 33. Nd4 Nxg3 34.
b3 cxb3 35. axb3 a5 36. Be2 a4 37. b4 a3 38. Bd3 a2 39. Nb3 Bf5 40. Bxb5 Bb1
41. Bd3 Bxd3 42. Kxd3 Nf5 43. b5 Nxh4 44. b6 Kd6 45. Kd4 Nf5+ 46. Kd3 h5 47. c4
dxc4+ 48. Kxc4 Ne3+ 49. Kb5 Nd5 50. Ka6 Nxb6 51. Kxb6 h4 {Time forfeit} 0-1

[Event "Rated Blitz game"]
[Site "?"]
[Date "2021.05.01"]
[Round "?"]
[White "RSGC2-18"]
[Black "Doors67"]
[Result "1-0"]
[ECO "C42"]
[WhiteElo "2426"]
[BlackElo "2292"]
[PlyCount "51"]
[EventDate "2021.??.??"]
[EventType "blitz"]
[TimeControl "180+2"]

1. e4 e5 2. Nf3 Nf6 3. Nxe5 d6 4. Nxf7 Kxf7 5. d4 c5 6. dxc5 Nc6 7. Bc4+ Be6 8.
Bxe6+ Kxe6 9. Nc3 dxc5 10. Qe2 Bd6 11. f4 Kd7 12. e5 Re8 13. O-O Nxe5 14. fxe5
Rxe5 15. Qc4 Qe7 16. Bf4 Re8 17. Rad1 Kc8 18. Nb5 Bb8 19. Bxe5 Qxe5 20. Rfe1
Qxh2+ 21. Kf1 Rxe1+ 22. Kxe1 Qg1+ 23. Kd2 Qxg2+ 24. Kc1 Qc6 25. Qf7 Bc7 26.
Nxa7+ {Time forfeit} 1-0

[Event "Rated Blitz game"]
[Site "?"]
[Date "2021.05.01"]
[Round "?"]
[White "xadrezsoccer21"]
[Black "UCantHandleDenker"]
[Result "0-1"]
[ECO "C42"]
[WhiteElo "2409"]
[BlackElo "2565"]
[PlyCount "42"]
[EventDate "2021.??.??"]
[EventType "blitz"]
[TimeControl "180"]

1. e4 e5 2. Nf3 Nf6 3. Nxe5 d6 4. Nxf7 Kxf7 5. d4 c5 6. dxc5 Qa5+ 7. Nc3 Qxc5
8. Be3 Qa5 9. Bc4+ Be6 10. Bxe6+ Kxe6 11. O-O Be7 12. f4 Nc6 13. Qf3 Kf7 14. g4
Rhf8 15. g5 Ne8 16. Nd5 Kg8 17. Qh3 Qd8 18. Qe6+ Kh8 19. f5 Bxg5 20. Rf3 Bxe3+
21. Rxe3 Nd4 {Normal} 0-1

[Event "Rated Blitz game"]
[Site "?"]
[Date "2021.05.01"]
[Round "?"]
[White "FaaanTuk_BLR"]
[Black "unknown-maestro_2450"]
[Result "1/2-1/2"]
[ECO "C42"]
[WhiteElo "2634"]
[BlackElo "2624"]
[PlyCount "141"]
[EventDate "2021.??.??"]
[EventType "blitz"]
[TimeControl "180"]

1. e4 e5 2. Nf3 Nf6 3. Nxe5 d6 4. Nxf7 Kxf7 5. d4 c5 6. Nc3 cxd4 7. Qxd4 Be6 8.
Bc4 Nc6 9. Bxe6+ Kxe6 10. Qc4+ Kd7 11. Bf4 Rc8 12. O-O-O Kc7 13. Nb5+ Kb8 14.
Nxd6 Ka8 15. Nxc8 Qxc8 16. e5 Nh5 17. Be3 Be7 18. g4 Nxe5 19. Qxc8+ Rxc8 20.
gxh5 Bf6 21. Bd4 Ng4 22. Bxf6 Nxf6 23. h6 g6 24. Rd6 Ng4 25. f3 Nxh6 26. Rhd1
Kb8 27. Rd8 Nf5 28. Rxc8+ Kxc8 29. Kd2 Nd4 30. Rf1 Kd7 31. c3 Nf5 32. Kd3 Ke6
33. Re1+ Kf6 34. Re4 g5 35. Ra4 a6 36. Rb4 Nd6 37. Rb6 Ke5 38. Rxd6 Kxd6 39.
Ke4 Ke6 40. f4 g4 41. f5+ Kf6 42. Kf4 h5 43. c4 a5 44. a3 a4 45. c5 Kf7 46. Kg5
h4 47. Kxg4 Kf6 48. Kxh4 Kxf5 49. Kg3 Kg5 50. h4+ Kh5 51. Kh3 Kh6 52. Kg4 Kg6
53. Kf4 Kf6 54. h5 Kg7 55. Ke5 Kh6 56. Kd5 Kxh5 57. Kd6 Kg5 58. Kc7 b5 59. cxb6
Kf5 60. b7 Ke4 61. b8=Q Kd3 62. Qb4 Kc2 63. Qxa4+ Kb1 64. Qc6 Ka2 65. b4 Kb1
66. b5 Ka2 67. b6 Kb1 68. b7 Ka2 69. b8=Q Ka1 70. Qbb6 Ka2 71. Qc3 {Normal}
1/2-1/2

[Event "Rated Blitz game"]
[Site "?"]
[Date "2021.04.30"]
[Round "?"]
[White "SrPopando"]
[Black "TheGratefulDead"]
[Result "1-0"]
[ECO "C42"]
[WhiteElo "2478"]
[BlackElo "2375"]
[PlyCount "29"]
[EventDate "2021.??.??"]
[EventType "blitz"]
[TimeControl "180+2"]

1. e4 e5 2. Nf3 Nf6 3. Nxe5 d6 4. Nxf7 Kxf7 5. Nc3 c6 6. d4 Be7 7. Bd3 g6 8.
O-O Kg7 9. h3 Rf8 10. f4 Na6 11. a3 Nc7 12. Be3 Ng8 13. g4 d5 14. e5 c5 15. f5
{Normal} 1-0

[Event "Rated Blitz game"]
[Site "?"]
[Date "2021.04.30"]
[Round "?"]
[White "heisenbergw364"]
[Black "anjaya01"]
[Result "0-1"]
[ECO "C42"]
[WhiteElo "2310"]
[BlackElo "2424"]
[PlyCount "44"]
[EventDate "2021.??.??"]
[EventType "blitz"]
[TimeControl "180"]

1. e4 e5 2. Nf3 Nf6 3. Nxe5 d6 4. Nxf7 Kxf7 5. Bc4+ d5 6. exd5 Bd6 7. O-O Re8
8. d4 Kg8 9. Bb3 Kh8 10. c4 b6 11. Nc3 a5 12. Bc2 Ng4 13. h3 Qh4 14. Nb5 Bh2+
15. Kh1 Nxf2+ 16. Rxf2 Qxf2 17. Kxh2 Re1 18. Qf3 Qxf3 19. gxf3 Na6 20. a3 Re2+
21. Kg3 Rxc2 22. Bf4 Rxc4 {Normal} 0-1

[Event "Rated Blitz game"]
[Site "?"]
[Date "2021.04.30"]
[Round "?"]
[White "Electracy"]
[Black "bellaana"]
[Result "1-0"]
[ECO "C42"]
[WhiteElo "2401"]
[BlackElo "2266"]
[PlyCount "71"]
[EventDate "2021.??.??"]
[EventType "blitz"]
[TimeControl "300"]

1. e4 e5 2. Nf3 Nf6 3. Nxe5 d6 4. Nxf7 Kxf7 5. d4 d5 6. e5 Ne4 7. Be3 Be7 8.
Nd2 Nxd2 9. Qxd2 Rf8 10. O-O-O Kg8 11. f4 Nc6 12. h3 Bf5 13. g4 Be4 14. Bg2
Bxg2 15. Qxg2 Na5 16. Kb1 c6 17. h4 Nc4 18. Bc1 a5 19. f5 a4 20. Qh3 b5 21. g5
Kh8 22. f6 gxf6 23. gxf6 Bb4 24. Bh6 Rf7 25. Rhg1 Bf8 26. Bg5 Qa5 27. e6 Qb4
28. Qc3 Qxc3 29. bxc3 Rb7 30. e7 b4 31. cxb4 Rxb4+ 32. Kc1 Rab8 33. exf8=R+
Rxf8 34. Bh6 Rfb8 35. c3 Rb2 36. f7 {Time forfeit} 1-0

[Event "Rated Blitz game"]
[Site "?"]
[Date "2021.04.29"]
[Round "?"]
[White "xadrezsoccer21"]
[Black "ArabianChessFriends"]
[Result "1-0"]
[ECO "C42"]
[WhiteElo "2413"]
[BlackElo "2384"]
[PlyCount "37"]
[EventDate "2021.??.??"]
[EventType "blitz"]
[TimeControl "180"]

1. e4 e5 2. Nf3 Nf6 3. Nxe5 d6 4. Nxf7 Kxf7 5. d4 d5 6. e5 Ne4 7. Bd3 Be7 8.
O-O Rf8 9. f3 Ng5 10. f4 Ne4 11. Nc3 Nxc3 12. Qh5+ g6 13. Qxh7+ Ke8 14. Bxg6+
Kd7 15. bxc3 c6 16. Ba3 Rh8 17. Bf5+ Kc7 18. Bxe7 Rxh7 19. Bxd8+ {Normal} 1-0

[Event "Rated Blitz game"]
[Site "?"]
[Date "2021.04.29"]
[Round "?"]
[White "Proteuo"]
[Black "UCantHandleDenker"]
[Result "1-0"]
[ECO "C42"]
[WhiteElo "2392"]
[BlackElo "2563"]
[PlyCount "44"]
[EventDate "2021.??.??"]
[EventType "blitz"]
[TimeControl "180"]

1. e4 e5 2. Nf3 Nf6 3. Nxe5 d6 4. Nxf7 Kxf7 5. Nc3 c5 6. Bc4+ d5 7. Nxd5 Nxd5
8. Qh5+ g6 9. Bxd5+ Be6 10. Qf3+ Ke7 11. Bxb7 Nd7 12. d4 Bg7 13. Bg5+ Bf6 14.
Bxf6+ Nxf6 15. Bxa8 Qxa8 16. d5 Bf7 17. O-O-O Nd7 18. e5 Be8 19. Rhe1 Qb8 20.
d6+ Kd8 21. e6 Qb6 22. exd7 Kxd7 {Normal} 1-0

[Event "Rated Blitz game"]
[Site "?"]
[Date "2021.04.29"]
[Round "?"]
[White "habib33333"]
[Black "Luu77"]
[Result "1-0"]
[ECO "C42"]
[WhiteElo "2278"]
[BlackElo "2445"]
[PlyCount "29"]
[EventDate "2021.??.??"]
[EventType "blitz"]
[TimeControl "180+2"]

1. e4 e5 2. Nf3 Nf6 3. Nxe5 d6 4. Nxf7 Kxf7 5. Nc3 g6 6. d4 Bg7 7. Bc4+ Kf8 8.
O-O c6 9. Bb3 d5 10. Qf3 dxe4 11. Nxe4 Bf5 12. Nxf6 Qxf6 13. Qg3 h6 14. Bf4 Ke7
15. Be5 {Normal} 1-0

[Event "Rated Blitz tournament pCS3eX8L"]
[Site "?"]
[Date "2021.04.29"]
[Round "?"]
[White "jamomo"]
[Black "Ihsan_Kilic"]
[Result "1/2-1/2"]
[ECO "C42"]
[WhiteElo "2288"]
[BlackElo "2436"]
[PlyCount "131"]
[EventDate "2021.??.??"]
[EventType "blitz"]
[TimeControl "180"]

1. e4 e5 2. Nf3 Nf6 3. Nxe5 d6 4. Nxf7 Kxf7 5. d4 Qe8 6. f3 Be6 7. c4 c6 8. Nc3
Na6 9. d5 cxd5 10. cxd5 Bd7 11. Bf4 Be7 12. Bc4 Rc8 13. Qe2 Nc5 14. O-O Rf8 15.
e5 Nh5 16. e6+ Kg8 17. exd7 Qxd7 18. Bg3 Nxg3 19. hxg3 Bf6 20. b4 Bxc3 21. bxc5
Bxa1 22. Rxa1 Rxc5 23. Re1 h6 24. Bb3 a5 25. Qe6+ Qxe6 26. dxe6 d5 27. Re5 Re8
28. Bxd5 Kf8 29. e7+ Rxe7 30. Rf5+ Ke8 31. Bf7+ Rxf7 32. Rxc5 b6 33. Rc8+ Kd7
34. Rb8 Kc7 35. Rg8 Kc6 36. f4 Kb5 37. Rc8 Ka4 38. Rc2 b5 39. Kf2 b4 40. Ke3
Ka3 41. g4 a4 42. f5 b3 43. axb3 axb3 44. Rc6 b2 45. Ra6+ Kb3 46. Rb6+ Kc2 47.
Rc6+ Kd1 48. Rb6 Kc1 49. Rc6+ Kb1 50. Kd3 Ra7 51. Rb6 Ka1 52. Ke4 b1=Q+ 53.
Rxb1+ Kxb1 54. Kf4 Ra6 55. g5 hxg5+ 56. Kxg5 Rf6 57. g4 Kc2 58. Kf4 Kd3 59. g5
Rb6 60. Ke5 Ke3 61. f6 gxf6+ 62. gxf6 Kf3 63. f7 Rb8 64. Ke6 Rf8 65. Ke7 Rxf7+
66. Kxf7 {Normal} 1/2-1/2

[Event "Rated Blitz game"]
[Site "?"]
[Date "2021.04.29"]
[Round "?"]
[White "jflup"]
[Black "Konevoyazher"]
[Result "1/2-1/2"]
[ECO "C42"]
[WhiteElo "2428"]
[BlackElo "2329"]
[PlyCount "97"]
[EventDate "2021.??.??"]
[EventType "blitz"]
[TimeControl "180"]

1. e4 e5 2. Nf3 Nf6 3. Nxe5 d6 4. Nxf7 Kxf7 5. d4 c5 6. dxc5 Qa5+ 7. Nc3 Qxc5
8. Be3 Qe5 9. f4 Qa5 10. Bc4+ Be6 11. Qd3 Be7 12. O-O-O Nc6 13. e5 Bxc4 14.
Qxc4+ d5 15. Qb3 Qb4 16. exf6 Qxb3 17. axb3 Bxf6 18. Nxd5 Rhe8 19. Rhe1 Re4 20.
Nxf6 gxf6 21. Bd2 Rae8 22. Rxe4 Rxe4 23. Re1 f5 24. Rxe4 fxe4 25. Bc3 Ke6 26.
g4 Ne7 27. Kd2 Nd5 28. f5+ Kf7 29. Bd4 a6 30. c4 Nf6 31. Ke3 Nxg4+ 32. Kxe4
Nxh2 33. Kf4 Nf1 34. Be3 Nxe3 35. Kxe3 Kf6 36. Kf4 h5 37. b4 h4 38. Kg4 h3 39.
Kxh3 Kxf5 40. Kg3 Ke4 41. b3 Kd4 42. Kf4 Kc3 43. b5 axb5 44. cxb5 Kb4 45. Ke5
Kxb5 46. Kd6 Kb4 47. Kc7 b5 48. Kb6 Kxb3 49. Kxb5 {Normal} 1/2-1/2

[Event "Rated Blitz game"]
[Site "?"]
[Date "2021.04.29"]
[Round "?"]
[White "simon_h81"]
[Black "aeminovsensey1"]
[Result "1-0"]
[ECO "C42"]
[WhiteElo "2304"]
[BlackElo "2401"]
[PlyCount "37"]
[EventDate "2021.??.??"]
[EventType "blitz"]
[TimeControl "180"]

1. e4 e5 2. Nf3 Nf6 3. Nxe5 d6 4. Nxf7 Kxf7 5. d4 Qe8 6. Nc3 d5 7. e5 c5 8.
Nxd5 Nxd5 9. Qh5+ g6 10. Qf3+ Ke6 11. Bc4 Qc6 12. Qf6+ Kd7 13. Qxh8 Be7 14. a4
cxd4 15. Bb5 a6 16. Bxc6+ Nxc6 17. O-O h5 18. Qg7 Ke8 19. Qxg6+ {Normal} 1-0

[Event "Rated Blitz game"]
[Site "?"]
[Date "2021.04.29"]
[Round "?"]
[White "RealGrandgousier"]
[Black "Tondo_king16"]
[Result "0-1"]
[ECO "C42"]
[WhiteElo "2295"]
[BlackElo "2460"]
[PlyCount "114"]
[EventDate "2021.??.??"]
[EventType "blitz"]
[TimeControl "180"]

1. e4 e5 2. Nf3 Nf6 3. Nxe5 d6 4. Nxf7 Kxf7 5. d4 Be7 6. Bc4+ d5 7. exd5 Bd6 8.
O-O Re8 9. h3 Kg8 10. Bb3 Kh8 11. c4 b6 12. Bg5 Nbd7 13. Nc3 Qe7 14. Qd2 Bb7
15. Rae1 Qf7 16. Re6 Nf8 17. Rfe1 Nxe6 18. dxe6 Qg6 19. d5 h6 20. Bf4 Re7 21.
Bxd6 cxd6 22. Bc2 Qg5 23. Qxg5 hxg5 24. Nb5 Rd8 25. Nd4 Nxd5 26. cxd5 Bxd5 27.
b3 Rc8 28. Bg6 Rf8 29. g4 Rf4 30. Nf5 Rxe6 31. Rxe6 Bxe6 32. Nxd6 Rd4 33. Ne4
Kg8 34. Nxg5 Bd5 35. f3 Rd2 36. a4 Bxb3 37. Be8 Ra2 38. Ne4 Bxa4 39. Bg6 Bc2
40. h4 Bxe4 41. Bxe4 Kf8 42. h5 b5 43. g5 b4 44. h6 gxh6 45. gxh6 b3 46. Bd5
Ra1+ 47. Kf2 b2 48. Be4 b1=Q 49. Bxb1 Rxb1 50. Kg3 a5 51. Kg4 a4 52. Kg5 a3 53.
f4 a2 54. Kg6 a1=Q 55. f5 Rg1+ 56. Kh7 Qa7+ 57. Kh8 Rg8# {Normal} 0-1

[Event "Rated Blitz tournament pCS3eX8L"]
[Site "?"]
[Date "2021.04.29"]
[Round "?"]
[White "Ohnezahn007"]
[Black "Efimenko"]
[Result "0-1"]
[ECO "C42"]
[WhiteElo "2295"]
[BlackElo "2441"]
[PlyCount "44"]
[EventDate "2021.??.??"]
[EventType "blitz"]
[TimeControl "180"]

1. e4 e5 2. Nf3 Nf6 3. Nxe5 d6 4. Nxf7 Kxf7 5. Nc3 c6 6. Bc4+ d5 7. Bb3 Be6 8.
O-O Nbd7 9. d4 Bb4 10. exd5 cxd5 11. Nxd5 Bxd5 12. Bxd5+ Nxd5 13. Qh5+ g6 14.
Qxd5+ Kg7 15. Bg5 Be7 16. Bxe7 Qxe7 17. Rfe1 Qf7 18. Qxb7 Rhf8 19. Re2 Rae8 20.
Rae1 Qxf2+ 21. Rxf2 Rxe1+ 22. Rf1 Rexf1# {Normal} 0-1

[Event "Rated Blitz game"]
[Site "?"]
[Date "2021.04.28"]
[Round "?"]
[White "MagiqueRoger"]
[Black "oldfriend1"]
[Result "1-0"]
[ECO "C42"]
[WhiteElo "2455"]
[BlackElo "2323"]
[PlyCount "55"]
[EventDate "2021.??.??"]
[EventType "blitz"]
[TimeControl "300"]

1. e4 e5 2. Nf3 Nf6 3. Nxe5 d6 4. Nxf7 Kxf7 5. d4 g6 6. Nc3 c6 7. Bd3 h5 8. O-O
Bg4 9. f3 Be6 10. Ne2 Bh6 11. Bxh6 Rxh6 12. c4 Kg7 13. d5 Bf7 14. f4 Ng4 15.
Qd2 Qh4 16. h3 Nf6 17. e5 cxd5 18. exf6+ Qxf6 19. cxd5 Bxd5 20. Nc3 Bc6 21.
Rae1 Nd7 22. Bc4 Rhh8 23. Re6 Qf5 24. Qd4+ Kh6 25. Rxd6 Rhd8 26. Bd3 Qc5 27.
Rxg6+ Kh7 28. Rxc6+ {Normal} 1-0

[Event "Rated Blitz game"]
[Site "?"]
[Date "2021.04.27"]
[Round "?"]
[White "onatog"]
[Black "uriberto"]
[Result "1-0"]
[ECO "C42"]
[WhiteElo "2544"]
[BlackElo "2462"]
[PlyCount "35"]
[EventDate "2021.??.??"]
[EventType "blitz"]
[TimeControl "300"]

1. e4 e5 2. Nf3 Nf6 3. Nxe5 d6 4. Nxf7 Kxf7 5. d4 c6 6. Nc3 g6 7. Be2 Bg7 8.
O-O Re8 9. f3 Qb6 10. Kh1 Kg8 11. Na4 Qa5 12. c4 Nbd7 13. Bf4 b5 14. cxb5 cxb5
15. Nc3 b4 16. Nb5 Nh5 17. Bxd6 Re6 18. Qb3 {Normal} 1-0

[Event "Rated Blitz game"]
[Site "?"]
[Date "2021.04.27"]
[Round "?"]
[White "xadrezsoccer21"]
[Black "Voorzitter-HMC"]
[Result "0-1"]
[ECO "C42"]
[WhiteElo "2448"]
[BlackElo "2475"]
[PlyCount "60"]
[EventDate "2021.??.??"]
[EventType "blitz"]
[TimeControl "180"]

1. e4 e5 2. Nf3 Nf6 3. Nxe5 d6 4. Nxf7 Kxf7 5. d4 c5 6. dxc5 Qa5+ 7. Nc3 Qxc5
8. Be3 Qc6 9. Bb5 Qc7 10. O-O Be6 11. f4 Be7 12. f5 Bc4 13. Kh1 Nbd7 14. g4 h6
15. Bd4 Ne5 16. Bxe5 dxe5 17. Ba4 Rad8 18. Qf3 Rd4 19. Bb3 Rhd8 20. Nb5 Qc6 21.
Nxd4 Rxd4 22. Rfe1 Nxe4 23. Qg2 Bxb3 24. axb3 Bc5 25. h3 Nf2+ 26. Kh2 Rd2 27.
Qxc6 bxc6 28. Kg3 e4 29. Kf4 Rxc2 30. Ra5 Nd3+ {Normal} 0-1

[Event "Rated Blitz game"]
[Site "?"]
[Date "2021.04.27"]
[Round "?"]
[White "irekyouall"]
[Black "Shaginyan_A"]
[Result "1-0"]
[ECO "C42"]
[WhiteElo "2452"]
[BlackElo "2467"]
[PlyCount "89"]
[EventDate "2021.??.??"]
[EventType "blitz"]
[TimeControl "180"]

1. e4 e5 2. Nf3 Nf6 3. Nxe5 d6 4. Nxf7 Kxf7 5. d4 Qe8 6. f3 g6 7. Bd3 Bg7 8.
Be3 Rf8 9. Qe2 Kg8 10. Nd2 Nc6 11. c3 Bd7 12. h3 Nh5 13. Qf2 Nf4 14. Bc2 Kh8
15. h4 Bh6 16. O-O-O Qf7 17. g3 Qxa2 18. gxf4 Bxf4 19. Bxf4 Rxf4 20. Qg3 Raf8
21. h5 g5 22. Qxg5 Qg8 23. Rdg1 Qxg5 24. Rxg5 Nd8 25. Kd1 Nf7 26. Rg3 Rg8 27.
Rxg8+ Kxg8 28. Bb3 Kf8 29. Ke2 Ng5 30. Ke3 Rf6 31. f4 Ne6 32. Bxe6 Bxe6 33. Nf3
c5 34. d5 Bg8 35. c4 Rf7 36. b3 Rg7 37. e5 dxe5 38. fxe5 Rg3 39. Kf4 Rg2 40. e6
Rb2 41. Ke5 Rxb3 42. Rf1 Re3+ 43. Kd6 a5 44. Ne5+ Ke8 45. Nd7 {Normal} 1-0

[Event "Rated Blitz game"]
[Site "?"]
[Date "2021.04.26"]
[Round "?"]
[White "habib33333"]
[Black "td17"]
[Result "1/2-1/2"]
[ECO "C42"]
[WhiteElo "2270"]
[BlackElo "2428"]
[PlyCount "96"]
[EventDate "2021.??.??"]
[EventType "blitz"]
[TimeControl "180+2"]

1. e4 e5 2. Nf3 Nf6 3. Nxe5 d6 4. Nxf7 Kxf7 5. d4 Be7 6. h4 c6 7. Nc3 Rf8 8. h5
Kg8 9. h6 g6 10. f3 b5 11. a3 a5 12. Bg5 Be6 13. Bd3 Nbd7 14. Qd2 b4 15. Na4 c5
16. d5 Bf7 17. b3 Ne5 18. Be2 Nxd5 19. Bxe7 Nxe7 20. O-O-O c4 21. bxc4 Nxc4 22.
Bxc4 d5 23. exd5 Qd6 24. Qd4 Nf5 25. Qc5 Qxc5 26. Nxc5 Rfc8 27. Nd7 Rxc4 28.
Nb6 Rcc8 29. Nxa8 Rxa8 30. g4 Nd6 31. Rhe1 Kf8 32. Re2 bxa3 33. Re3 Rd8 34.
Rxa3 Nc4 35. Ra4 Nd6 36. Rxa5 g5 37. Ra7 Bg6 38. Rc7 Nb5 39. Rc5 Nd6 40. c4 Rb8
41. Re1 Bd3 42. Re5 Nxc4 43. Rxc4 Bxc4 44. Rxg5 Rb5 45. Rf5+ Kg8 46. Rg5+ Kf8
47. Rf5+ Kg8 48. Rg5+ Kf8 {Normal} 1/2-1/2

[Event "Rated Blitz game"]
[Site "?"]
[Date "2021.04.26"]
[Round "?"]
[White "Creol974"]
[Black "Dr_Bledow"]
[Result "0-1"]
[ECO "C42"]
[WhiteElo "2313"]
[BlackElo "2462"]
[PlyCount "72"]
[EventDate "2021.??.??"]
[EventType "blitz"]
[TimeControl "180"]

1. e4 e5 2. Nf3 Nf6 3. Nxe5 d6 4. Nxf7 Kxf7 5. d4 Be7 6. Bc4+ Ke8 7. O-O Nbd7
8. Nc3 Nb6 9. Bb3 a5 10. a3 a4 11. Ba2 Bg4 12. f3 Bh5 13. Qe1 Bf7 14. Bg5 Bxa2
15. Nxa2 Kf7 16. Rd1 Re8 17. e5 Nfd5 18. Bc1 dxe5 19. dxe5 Kg8 20. Nc3 c6 21.
Ne4 Nc4 22. Qe2 Qb6+ 23. Kh1 Nce3 24. Bxe3 Nxe3 25. Rd7 Nxf1 26. Qxf1 Rad8 27.
Qc4+ Kh8 28. e6 Qxb2 29. h3 Qc1+ 30. Kh2 Qf4+ 31. Kh1 Rxd7 32. exd7 Rd8 33. Qe6
Bxa3 34. Ng5 Qxg5 35. Qe8+ Bf8 36. f4 Qf6 {Normal} 0-1

[Event "Rated Blitz game"]
[Site "?"]
[Date "2021.04.26"]
[Round "?"]
[White "xadrezsoccer21"]
[Black "adnansendur"]
[Result "1-0"]
[ECO "C42"]
[WhiteElo "2445"]
[BlackElo "2466"]
[PlyCount "85"]
[EventDate "2021.??.??"]
[EventType "blitz"]
[TimeControl "180"]

1. e4 e5 2. Nf3 Nf6 3. Nxe5 d6 4. Nxf7 Kxf7 5. d4 Qe8 6. Bd3 Nc6 7. c3 g6 8.
O-O Kg7 9. Qe2 Bg4 10. f3 Bd7 11. Bg5 Be7 12. Nd2 Nh5 13. Be3 Rf8 14. g3 Qd8
15. f4 Bh3 16. Rf2 Nf6 17. d5 Nb8 18. Bd4 Kg8 19. Bc4 Nbd7 20. e5 Ng4 21. Rf3
b5 22. Bb3 a5 23. a3 Nh6 24. e6 Nc5 25. Bc2 Bg4 26. Ne4 Nxe4 27. Bxe4 Nf5 28.
Bxf5 Rxf5 29. Qf2 Bxf3 30. Qxf3 Qf8 31. Rd1 Bf6 32. Be3 h5 33. h3 Bg7 34. g4
hxg4 35. hxg4 Rf6 36. Kg2 Qe7 37. Qe4 Raf8 38. g5 Rf5 39. Rh1 b4 40. Kg3 bxa3
41. bxa3 Re8 42. Bd4 c6 43. dxc6 {Time forfeit} 1-0

[Event "Rated Blitz game"]
[Site "?"]
[Date "2021.04.26"]
[Round "?"]
[White "JUGO-BOSS"]
[Black "adnansendur"]
[Result "1-0"]
[ECO "C42"]
[WhiteElo "2339"]
[BlackElo "2470"]
[PlyCount "103"]
[EventDate "2021.??.??"]
[EventType "blitz"]
[TimeControl "180"]

1. e4 e5 2. Nf3 Nf6 3. Nxe5 d6 4. Nxf7 Kxf7 5. d4 Qe8 6. Nc3 c5 7. Bc4+ Be6 8.
d5 Bd7 9. O-O b5 10. Bxb5 Bxb5 11. Nxb5 Qxb5 12. g4 h6 13. h4 Nbd7 14. a4 Qc4
15. f3 Ne5 16. Be3 Be7 17. Qd2 Kg8 18. Ra3 Rf8 19. Rb3 Qxa4 20. Rb7 Nc4 21. Qe2
Nxe3 22. Qxe3 Bd8 23. c3 Qa6 24. Rb8 Rf7 25. Rxd8+ Rf8 26. Rxf8+ Kxf8 27. b4
cxb4 28. cxb4 Kf7 29. Rc1 Re8 30. g5 hxg5 31. hxg5 Nd7 32. Rc7 Re7 33. Rxa7 Qc4
34. Qf4+ Kg8 35. Qxd6 Qc1+ 36. Kf2 Qd2+ 37. Kf1 Qc1+ 38. Kg2 Qxg5+ 39. Qg3
Qxg3+ 40. Kxg3 Kf7 41. f4 Nf6 42. Rxe7+ Kxe7 43. Kf3 Nd7 44. e5 Nb6 45. Ke4 Kd7
46. f5 Nc8 47. b5 Kc7 48. f6 gxf6 49. exf6 Nd6+ 50. Ke5 Kd7 51. b6 Nc8 52. f7 {
Time forfeit} 1-0

[Event "Rated Blitz game"]
[Site "?"]
[Date "2021.04.25"]
[Round "?"]
[White "Kcerov"]
[Black "Semenychev_Alexander"]
[Result "0-1"]
[ECO "C42"]
[WhiteElo "2523"]
[BlackElo "2456"]
[PlyCount "78"]
[EventDate "2021.??.??"]
[EventType "blitz"]
[TimeControl "180"]

1. e4 e5 2. Nf3 Nf6 3. Nxe5 d6 4. Nxf7 Kxf7 5. d4 Be7 6. Bc4+ d5 7. exd5 Bd6 8.
O-O Re8 9. Bb3 b5 10. c4 bxc4 11. Bxc4 Nbd7 12. Nc3 Nb6 13. Bb3 Bb7 14. Bg5 Kg8
15. Qf3 Rf8 16. Qh3 Qd7 17. Qh4 Qf5 18. Rfe1 h6 19. Bxf6 Qxf6 20. Qxf6 Rxf6 21.
Re6 Raf8 22. f3 Bc8 23. Ne4 Bxe6 24. dxe6 Kh7 25. Nxf6+ Rxf6 26. a4 a5 27. d5
Rf8 28. Re1 Kg6 29. Kf2 Kf6 30. g3 Ke7 31. f4 g5 32. Kf3 gxf4 33. g4 Rg8 34. h4
Rf8 35. g5 hxg5 36. hxg5 Rh8 37. Rg1 Rh3+ 38. Kg4 Rg3+ 39. Kf5 Rxg1 {Normal}
0-1

[Event "Rated Blitz game"]
[Site "?"]
[Date "2021.04.25"]
[Round "?"]
[White "xadrezsoccer21"]
[Black "camilomunoz0107"]
[Result "1-0"]
[ECO "C42"]
[WhiteElo "2423"]
[BlackElo "2413"]
[PlyCount "61"]
[EventDate "2021.??.??"]
[EventType "blitz"]
[TimeControl "180"]

1. e4 e5 2. Nf3 Nf6 3. Nxe5 d6 4. Nxf7 Kxf7 5. d4 Bg4 6. f3 Be6 7. d5 Bc8 8.
Bd3 g6 9. O-O Bg7 10. f4 Bg4 11. Qe1 Re8 12. Nc3 Kg8 13. Qh4 Na6 14. e5 dxe5
15. fxe5 Rxe5 16. Bf4 Rh5 17. Qg3 Nc5 18. Bc4 Kh8 19. Bxc7 Qd7 20. d6 a6 21.
Rae1 Re8 22. Rxe8+ Nxe8 23. Rf7 Qc8 24. d7 Bxd7 25. Nd5 Ne4 26. Qf3 Rf5 27.
Rxf5 Bxf5 28. Qf4 Nxc7 29. Nxc7 Bd4+ 30. Kf1 Bb6 31. Qe5+ {Normal} 1-0

[Event "Rated Blitz game"]
[Site "?"]
[Date "2021.04.24"]
[Round "?"]
[White "Taltico"]
[Black "Edelsol"]
[Result "0-1"]
[ECO "C42"]
[WhiteElo "2439"]
[BlackElo "2330"]
[PlyCount "56"]
[EventDate "2021.??.??"]
[EventType "blitz"]
[TimeControl "300"]

1. e4 e5 2. Nf3 Nf6 3. Nxe5 d6 4. Nxf7 Kxf7 5. d4 c5 6. Bc4+ Be6 7. d5 Bd7 8.
Nc3 g6 9. Bg5 h6 10. Bh4 Kg7 11. O-O Be7 12. e5 dxe5 13. d6 Bf8 14. Bxf6+ Qxf6
15. Ne4 Qf4 16. f3 b5 17. g3 Qe3+ 18. Kh1 bxc4 19. Qd5 Nc6 20. Rad1 Re8 21.
Nxc5 Nb8 22. Qxc4 Bc6 23. Ne4 Bd7 24. Nc5 Bc6 25. Rd3 Qe2 26. Kg1 Bxd6 27. Ne6+
Rxe6 28. Qxe6 Bc5+ {Normal} 0-1

[Event "Rated Blitz game"]
[Site "?"]
[Date "2021.04.24"]
[Round "?"]
[White "irekyouall"]
[Black "Semenychev_Alexander"]
[Result "0-1"]
[ECO "C42"]
[WhiteElo "2468"]
[BlackElo "2462"]
[PlyCount "60"]
[EventDate "2021.??.??"]
[EventType "blitz"]
[TimeControl "180"]

1. e4 e5 2. Nf3 Nf6 3. Nxe5 d6 4. Nxf7 Kxf7 5. d4 c6 6. Nc3 Be7 7. Bd3 Re8 8.
f4 Bg4 9. Qd2 c5 10. Bc4+ Kf8 11. h3 Bh5 12. dxc5 d5 13. Bxd5 Nxd5 14. Qxd5
Bh4+ 15. Kd2 Bf7 16. Qxd8 Rxd8+ 17. Ke3 Nc6 18. a3 a5 19. Bd2 Be7 20. Na4 Nd4
21. Rac1 Nxc2+ 22. Rxc2 Bb3 23. Rcc1 Bxa4 24. b4 axb4 25. axb4 Bb5 26. Bc3 Rd3+
27. Kf2 Ra2+ 28. Kg1 Bh4 29. Kh2 Bg3+ 30. Kg1 Rxc3 {Normal} 0-1

[Event "Rated Blitz game"]
[Site "?"]
[Date "2021.04.22"]
[Round "?"]
[White "Udar59"]
[Black "adnansendur"]
[Result "1-0"]
[ECO "C42"]
[WhiteElo "2401"]
[BlackElo "2403"]
[PlyCount "47"]
[EventDate "2021.??.??"]
[EventType "blitz"]
[TimeControl "180"]

1. e4 e5 2. Nf3 Nf6 3. Nxe5 d6 4. Nxf7 Kxf7 5. d4 Qe8 6. f3 c5 7. c3 cxd4 8.
cxd4 g6 9. Bd3 Nc6 10. Be3 d5 11. e5 Bb4+ 12. Nd2 Nxe5 13. dxe5 Qxe5 14. Kf2
Qxb2 15. Qb3 Qxb3 16. Nxb3 Bd7 17. Rab1 Bc6 18. Nd4 Be7 19. g4 Rhc8 20. h4 b6
21. h5 gxh5 22. g5 Nd7 23. Rxh5 Rh8 24. Nxc6 {Normal} 1-0